 Dungeon Crawl Stone Soup version 0.25.1-2-g60ff931df9 (webtiles) character file.

Game seed: 12992577259448639395

557 Luthien the Conjurer (level 7, 0/40 HPs)
             Began as a Deep Elf Conjurer on Sept 11, 2020.
             Slain by Duvessa
             ... wielding a +1 short sword of draining
              (1 damage)
             ... on level 4 of the Dungeon.
             The game lasted 00:16:00 (4057 turns).

Luthien the Conjurer (Deep Elf Conjurer)            Turns: 4057, Time: 00:16:01

Health: 0/40       AC:  4    Str:  5    XL:     7   Next: 9%
Magic:  0/17       EV: 12    Int: 22    God:
Gold:   224        SH:  0    Dex: 15    Spells: 6/17 levels left

rFire    . . .     SeeInvis +   u - +2 hand axe (vorpal)
rCold    . . .     Gourm    .   (no shield)
rNeg     . . .     Faith    .   a - +0 robe
rPois    .         Spirit   .   (no helmet)
rElec    .         Reflect  .   (no cloak)
rCorr    .         Harm     .   s - +0 pair of gloves
MR       .....                  t - +0 pair of boots
Stlth    ++........             (no amulet)
HPRegen  0.13/turn              p - ring of see invisible
MPRegen  0.15/turn              (no ring)

@: heavily drained
A: no striking features
a: no special abilities


You were on level 4 of the Dungeon.
You were very hungry.

You visited 1 branch of the dungeon, and saw 4 of its levels.

You collected 224 gold pieces.

Inventory:

Hand Weapons
 d - a +0 whip
 q - a +0 spear
 u - a +2 vorpal hand axe (weapon)
Missiles
 b - 95 stones (quivered)
 h - 5 bolts
 n - 106 sling bullets
 r - 24 arrows
Armour
 a - a +0 robe (worn)
 s - a +0 pair of gloves (worn)
 t - a +0 pair of boots (worn)
 y - a +0 robe
Jewellery
 p - a ring of see invisible (left hand)
Scrolls
 f - 3 scrolls of identify {unknown}
 g - 2 scrolls of teleportation {unknown}
 i - a scroll of magic mapping {unknown}
 k - a scroll of blinking {unknown}
 l - 2 scrolls of enchant weapon {unknown}
 w - a scroll of remove curse {unknown}
 x - a scroll of fog {unknown}
Potions
 e - a potion of might {unknown}
 j - 2 potions of haste {unknown}
 m - 2 potions of berserk rage {unknown}
 v - a potion of magic {unknown}
 z - a potion of heal wounds {unknown}
 A - a potion of lignification {unknown}
Comestibles
 c - 6 rations


   Skills:
 - Level 2.4(1.1) Fighting
 - Level 3.0(1.6) Dodging
 - Level 3.1(1.7) Stealth
 - Level 5.6(4.1) Spellcasting
 - Level 6.0(4.4) Conjurations
 + Level 4.5(3.1) Hexes


You had 6 spell levels left.
You knew the following spells:

 Your Spells              Type           Power        Failure   Level  Hunger
a - Magic Dart            Conj           ###.         1%          1    None
b - Searing Ray           Conj           ###...       2%          2    #......
i - Iskenderun's Mystic   Conj/Tloc      ##......     41%         4    ####...
p - Fulminant Prism       Conj/Hex       ###.......   22%         4    ####...

Your spell library contained the following spells:

 Spells                   Type           Power        Failure   Level  Hunger
 Dazzling Flash           Conj/Hex       ###...       7%          3    ##.....


Dungeon Overview and Level Annotations

Branches:
Dungeon (4/15)
 Temple: D:4-7

Altars:
Okawaru

Annotations:
D:4 Duvessa


Message History

Okay, then.
Duvessa closely misses you.
Duvessa is no longer berserk.
There is a stone staircase leading up, spattered with blood here.
You see here a +0 whip.
Your magical contamination has completely faded away.
You see here a +0 whip.
There is a stone staircase leading up, spattered with blood here.
Casting: Fulminant Prism (quite dangerous; 21% risk of failure)
Confirm with . or Enter, or press ? or * to list all spells.
The spell is quite dangerous to cast (21% risk of failure)!
Continue anyway?
Aiming: Fulminant Prism (quite dangerous; 21% risk of failure)
Press: ? - help, Dir - move target cursor You conjure a prism of explosive energy!
You are feeling very hungry.
A fulminant prism comes into view.
Duvessa hits you with a +1 short sword of draining.
* * * LOW HITPOINT WARNING * * *
You feel drained.
You die...

.#.....###...# ....
#....#.....### ##... ..
........#....# #..# #..#
.............####.## ..#
.........#...##...####..#
........###.....#...#..# .
..#......*))...##.....### . #
....##...e#...#........## ..##.
#... #...@##........)...#
...#..###..
###..................
...#.##.#####....#..###........
..#......#.###.####.## #.......
#..####....###.# ##.## #......
#.##.#..##.....# #..####.....
###.##...###..##.# ##......$...
.......#.###.###.# #.#######...
.........##..# ##. #.. #.


You could see Duvessa and a friendly fulminant prism.

Vanquished Creatures
  A phantom (D:4)
  Dowan (D:4)
  2 orc priests (D:3)
  2 hounds
  A bullfrog skeleton (D:3)
  3 orc wizards
  2 worker ants
  6 adders
  An adder skeleton (D:4)
  3 leopard geckos
  17 orcs
  10 bats
  2 giant cockroaches
  11 hobgoblins
  A quokka (D:3)
  A ball python (D:3)
  5 frilled lizards
  2 goblins (D:2)
  7 kobolds
  9 rats
87 creatures vanquished.

Vanquished Creatures (others)
  3 fulminant prisms (D:4)
3 creatures vanquished.

Grand Total: 90 creatures vanquished

Notes
Turn   | Place    | Note
-------+----------+-------------------------------------------
     0 | D:1      | Luthien the Deep Elf Conjurer began the quest for the Orb.
     0 | D:1      | Reached XP level 1. HP: 10/10 MP: 6/6
   438 | D:1      | Reached XP level 2. HP: 15/15 MP: 5/8
  1070 | D:2      | Learned a level 2 spell: Searing Ray
  1234 | D:2      | Reached XP level 3. HP: 19/19 MP: 7/10
  1672 | D:2      | Reached skill level 5 in Conjurations
  1672 | D:2      | Reached XP level 4. HP: 24/24 MP: 0/12
  1765 | D:2      | Found an iron altar of Okawaru.
  1782 | D:2      | Reached skill level 1 in Fighting
  2328 | D:3      | Reached XP level 5. HP: 27/29 MP: 10/13
  2685 | D:3      | Reached skill level 5 in Spellcasting
  3153 | D:3      | Reached XP level 6. HP: 35/35 MP: 11/15
  3624 | D:4      | Reached skill level 6 in Conjurations
  3679 | D:4      | Noticed Duvessa
  3679 | D:4      | Noticed Dowan
  3728 | D:4      | Learned a level 4 spell: Fulminant Prism
  3733 | D:4      | Learned a level 4 spell: Iskenderun's Mystic Blast
  3805 | D:4      | Reached skill level 1 in Hexes
  4019 | D:4      | Killed Dowan
  4019 | D:4      | Reached XP level 7. HP: 39/40 MP: 3/17
  4057 | D:4      | HP: 1/40 [Duvessa/+1 short sword of draining (6)]
  4057 | D:4      | Slain by Duvessa

Illustrated notes

Levels and vault maps discovered:
D:1:      enne_arrival_octagon_isle, layout_rooms
D:2:      layout_basic, first_ration, ebering_dispersal_statue_hall,
          okawaru_metal_pillars_3
D:3:      layout_rooms, minivault_26
D:4:      layout_layer_cave, serial_shops, shop_fountains, uniq_duvessa

Skill      XL: |  1  2  3  4  5  6 |
---------------+-------------------+-----
Dodging        | 3 |  3.0
Stealth        | 3 |  3.1
Spellcasting   | 4 5 |  5.6
Conjurations   | 5 6 |  6.0
Fighting       | 1 2 |  2.4
Hexes          | 4 |  4.5

Action                   |  1- 3 |  4- 6 |  7- 9 || total
-------------------------+-------+-------+-------++-------
Melee: Spear             |       |     5 |       ||     5
       Hand axe          |       |     2 |       ||     2
 Cast: Magic Dart        |    48 |    61 |       ||   109
       Searing Ray       |     5 |    26 |       ||    31
       Fulminant Prism   |       |     2 |     2 ||     4
  Eat: Chunk             |     2 |     7 |       ||     9
Armor: Robe              |     2 |     6 |       ||     8
Dodge: Dodged            |     8 |    18 |     4 ||    30
